[Event "ICC tourney 1979 (3 2)"]
[Site "Internet Chess Club"]
[Date "2020.08.28"]
[Round "11"]
[White "sanjayselvam"]
[Black "Aadarsh99"]
[Result "1-0"]
[ICCResult "Black checkmated"]
[WhiteElo "1460"]
[BlackElo "1320"]
[Opening "Queen's pawn, Mason variation"]
[ECO "D00"]
[NIC "QP.08"]
[Time "22:28:55"]
[TimeControl "180+2"]

1. d4 d5 2. Bf4 Nf6 3. e3 e6 4. Nf3 c5 5. c3 Nc6 6. Bd3 b6 7. Nbd2 Bb7 8.
O-O Be7 9. h3 O-O 10. Qe2 c4 11. Bc2 Bd6 12. Bh2 h6 13. e4 dxe4 14. Nxe4
Nxe4 15. Qxe4 Bxh2+ 16. Kxh2 Qd6+ 17. Ne5 f5 18. Qe2 b5 19. f4 Nxe5 20. dxe5
Qc6 21. Rad1 Rad8 22. Rg1 Rxd1 23. Rxd1 a6 24. Rd6 Qc8 25. Qd2 Re8 26. Bd1
g6 27. g4 Be4 28. Bc2 Bxc2 29. Qxc2 Rd8 30. Qd2 Re8 31. Rd7 Rf8 32. gxf5
Rxf5 33. Rd8+ Rf8 34. Rxc8 Rxc8 35. Qd6 Kf7 36. Qd7+ Kg8 37. Qxc8+ Kg7 38.
Qd7+ Kg8 39. Kg3 Kf8 40. Kg4 Kg8 41. f5 Kf8 42. f6 Kg8 43. Qg7#
{Black checkmated}
1-0

[Event "ICC tourney 1979 (3 2)"]
[Site "Internet Chess Club"]
[Date "2020.08.28"]
[Round "11"]
[White "rcsong"]
[Black "Kinawa"]
[Result "0-1"]
[ICCResult "White resigns"]
[WhiteElo "1432"]
[BlackElo "1564"]
[Opening "English: four knights, 4.e3"]
[ECO "A28"]
[NIC "EO.06"]
[Time "22:28:55"]
[TimeControl "180+2"]

1. c4 e5 2. Nc3 Nf6 3. Nf3 Nc6 4. e3 Bc5 5. d4 exd4 6. exd4 Bb4 7. a3 Bxc3+
8. bxc3 O-O 9. Bd3 Re8+ 10. Be3 d6 11. O-O Bg4 12. h3 Bh5 13. Be2 Bg6 14.
Nh4 Ne4 15. Qc1 Qxh4 16. Bf3 Qd8 17. g3 Qd7 18. Bg4 Bf5 19. f3 Nxg3 20. Rf2
h5 21. Bxf5 Nxf5 22. Bf4 Nh4 23. Bg5 Qxh3 24. Bxh4 Qxh4 25. Rg2 Ne7 26. Qh6
Ng6 27. f4 Re1+ 28. Rxe1 Qxe1+ 29. Kh2 Qh4+ 30. Kg1 Qxf4 31. Qxh5 Re8 32.
Re2 Qg3+ 33. Kh1 Rxe2 34. Qxe2 Nf4 35. Qe8+ Kh7 36. Qe4+ g6 37. c5 Qh3+ 38.
Kg1 Qg4+ 39. Kf2 Nh3+ 40. Ke3 Qxe4+ 41. Kxe4 dxc5 42. dxc5 g5 43. Kf5 f6 44.
Kxf6 g4 45. Ke7 g3 46. Kd7 g2 47. Kxc7 g1=Q 48. Kxb7 Qxc5 {White resigns}
0-1

[Event "ICC tourney 1979 (3 2)"]
[Site "Internet Chess Club"]
[Date "2020.08.28"]
[Round "11"]
[White "strangerthingz"]
[Black "SuperBlueSky"]
[Result "0-1"]
[ICCResult "White resigns"]
[WhiteElo "1327"]
[BlackElo "1357"]
[Opening "Giuoco Pianissimo: Italian four knights variation"]
[ECO "C50"]
[NIC "IG.02"]
[Time "22:28:13"]
[TimeControl "180+2"]

1. e4 e5 2. Nf3 Nc6 3. Bc4 Bc5 4. Nc3 Nf6 5. d3 h6 6. a3 d6 7. h3 Be6 8.
Bxe6 fxe6 9. O-O O-O 10. Na4 Bb6 11. Nxb6 axb6 12. b4 b5 13. Bb2 Qe8 14. Re1
Qg6 15. Nh4 Qg5 16. Nf3 Qg6 17. Nh4 Qf7 18. Nf3 Nh5 19. d4 exd4 20. Bxd4 e5
21. Bb2 Nf4 22. Kh2 Qg6 23. Rg1 Qxe4 24. Bc1 g5 25. Bxf4 gxf4 26. Re1 Qf5
27. Qd5+ Qf7 28. Qxb5 Rab8 29. c4 Ne7 30. c5 dxc5 31. Qxc5 Ng6 32. Nxe5 Nxe5
33. Qxe5 f3 34. Qg3+ Kh7 35. gxf3 Qxf3 36. Qxf3 Rxf3 37. Kg2 Rf7 38. Rac1 c6
39. Rc3 Rg8+ 40. Kf1 Rgf8 41. Re2 Kg6 42. Rg3+ Kh5 43. Re5+ Rf5 44. Rxf5+
Rxf5 45. Kg2 Rd5 46. Rg4 Rd3 47. a4 Ra3 48. a5 Rb3 49. f3 Rb2+ 50. Kg3 Rb3
51. Rg7 Rxb4 52. Rg4 Rxg4+ 53. hxg4+ Kg5 54. Kf2 Kf4 55. Ke2 c5 56. Kf2 c4
57. Ke2 c3 58. Kd3 Kxf3 59. Kxc3 Kxg4 60. Kc4 h5 61. Kb5 h4 62. Kb6 h3 63.
Kxb7 h2 64. a6 h1=Q+ 65. Kb6 Qa8 66. a7 Kf5 67. Ka6 Ke6 68. Kb6 Kd6 69. Ka6
Kc6 70. Ka5 Qxa7+ 71. Kb4 Qc5+ 72. Kb3 Kd5 {White resigns} 0-1

[Event "ICC tourney 1979 (3 2)"]
[Site "Internet Chess Club"]
[Date "2020.08.28"]
[Round "11"]
[White "oxdidi"]
[Black "Baggs"]
[Result "0-1"]
[ICCResult "White forfeits on time"]
[WhiteElo "1133"]
[BlackElo "1236"]
[Opening "French: advance, Euwe variation"]
[ECO "C02"]
[NIC "FR.03"]
[Time "22:28:55"]
[TimeControl "180+2"]

1. e4 e6 2. d4 d5 3. e5 c5 4. c3 Nc6 5. Nf3 Bd7 6. Bd3 cxd4 7. cxd4 Qb6 8.
Bc2 Bb4+ 9. Nc3 Nge7 10. O-O Ng6 11. a3 Bxc3 12. bxc3 O-O 13. Bg5 Nce7 14.
Qd2 Rac8 15. Qd3 Nf5 16. g4 Bb5 17. Qd2 Bxf1 18. gxf5 exf5 19. Rxf1 Qc6 20.
Bxf5 Rc7 21. Rc1 Ne7 22. Bxe7 Rxe7 23. Qd3 g6 24. Bh3 f6 25. exf6 Rxf6 26.
Ne5 Qe8 27. Ng4 Rf4 28. Qd2 Qf8 29. Rb1 h5 30. Ne5 Qf6 31. Qc2 Qg5+ 32. Kh1
Rg7 33. Qa4 Rxf2 34. Qe8+ Rf8 35. Qe6+ Kh7 36. Rg1 Qf6 37. Qxf6 Rxf6 38. Rg5
Kh6 39. Rg2 g5 40. Bc8 g4 41. h3 Rf1+ 42. Kh2 gxh3 {White forfeits on time}
0-1

[Event "ICC tourney 1979 (3 2)"]
[Site "Internet Chess Club"]
[Date "2020.08.28"]
[Round "11"]
[White "Viking21"]
[Black "NonnaThat"]
[Result "1-0"]
[ICCResult "Black checkmated"]
[WhiteElo "1571"]
[BlackElo "1885"]
[Opening "Sicilian: Alapin's variation (2.c3)"]
[ECO "B22"]
[NIC "SI.46"]
[Time "22:28:21"]
[TimeControl "180+2"]

1. e4 c5 2. c3 Nf6 3. e5 Nd5 4. d3 Nc6 5. d4 cxd4 6. cxd4 Qb6 7. Nf3 d6 8.
exd6 e6 9. Nc3 Bxd6 10. Bc4 Nf6 11. O-O O-O 12. Nb5 Bb8 13. Bg5 a6 14. Nc3
Qxb2 15. Qe1 Nd7 16. Bd3 Qb4 17. Qe4 f5 18. Qxe6+ Kh8 19. Nd5 Qa5 20. Qe3
Qxd5 21. Rfe1 Nb6 22. Rab1 Bc7 23. Rec1 Bd7 24. Rc5 Qf7 25. Bf4 Rae8 26. Qd2
Bd8 27. Ne5 Nxe5 28. dxe5 Bc6 29. Rc3 Nd5 30. Rc5 Nxf4 31. Qxf4 Qd7 32. Bf1
Be7 33. Rc3 Bd8 34. Rh3 Bc7 35. Qh4 g6 36. Rd1 Qg7 37. f4 Bb6+ 38. Kh1 Bd8
39. Qg3 Be7 40. Bc4 Rd8 41. Qe1 Rxd1 42. Qxd1 Rd8 43. Qe2 b5 44. Bd3 Be4 45.
Bxe4 fxe4 46. Kg1 Bc5+ 47. Kf1 Qd7 48. g4 e3 49. Kg2 Qd2 50. Kf3 Qxe2+ 51.
Kxe2 Rd2+ 52. Ke1 Rxa2 53. f5 gxf5 54. gxf5 Kg7 55. f6+ Kg6 56. Rg3+ Kf7 57.
Rh3 Ke6 58. Rxh7 Kxe5 59. f7 Ke4 60. Rh8 Kd3 61. Rd8+ Ke4 62. Re8+ Kf3 63.
f8=Q+ Bxf8 64. Rxf8+ Kg2 65. Re8 e2 66. h4 Rc2 67. Rxe2+ Rxe2+ 68. Kxe2 Kg3
69. h5 Kf4 70. h6 Ke5 71. h7 Kd4 72. h8=Q+ Kc4 73. Qb2 b4 74. Kd2 a5 75. Kc2
a4 76. Qe5 a3 77. Qc7+ Kb5 78. Qb7+ Kc4 79. Qa6+ Kd4 80. Kb3 Kc5 81. Qa5+
Kc6 82. Qxb4 a2 83. Kxa2 Kc7 84. Qb5 Kc8 85. Qa6+ Kd7 86. Kb3 Ke7 87. Kc4
Kf7 88. Kd5 Kg7 89. Ke5 Kh8 90. Qb7 Kg8 91. Kf6 Kh8 92. Qg7# {Black
checkmated} 1-0